 Dungeon Crawl Stone Soup version 0.27-a0-965-gbf8bb431c4 (webtiles) character file.

Game seed: 11744899837635290689

2 Anon1729 the Insei (level 1, -2/17 HPs)
             Began as a Djinni Transmuter on Apr 12, 2021.
             Killed from afar by a dart slug (7 damage)
             ... with a slug dart
             ... on level 1 of the Dungeon.
             The game lasted 00:00:15 (339 turns).

Anon1729 the Insei (Djinni Transmuter)               Turns: 339, Time: 00:00:15

Health: -2/17      AC:  2    Str:  9    XL:     1   Next: 40%
Gold:   18         EV: 12    Int: 14    God:
                   SH:  0    Dex: 13

rFire    + + .     SeeInvis .     - Unarmed
rCold    x . .     Faith    .   (no shield)
rNeg     . . .     Spirit   .   a - +0 robe
rPois    ∞         Reflect  .   (no helmet)
rElec    .         Harm     .   (no cloak)
rCorr    .         Rampage  .   (no gloves)
Will     .....                  (boots unavailable)
Stlth    +.........             (no amulet)
HPRegen  0.05/turn              (no ring)
MPRegen  0.00/turn              (no ring)

@: flying
A: fire resistance 2, cold vulnerability 1, float, innate caster, hp casting,
extra vitality 1
a: no special abilities


You were on level 1 of the Dungeon.
You visited 1 branch of the dungeon, and saw 1 of its levels.

You collected 18 gold pieces.

Inventory:

Armour
 a - a +0 robe (worn)


   Skills:
 + Level 1.1 Fighting
 + Level 2.2 Dodging
 + Level 3.0 Unarmed Combat
 + Level 1.8 Spellcasting


You couldn't memorise any spells.
You knew the following spells:

 Your Spells              Type           Power      Damage    Failure   Level
a - Beastly Appendage     Tmut           12%        N/A       12%         1
b - Wereblood             Tmut           6%         N/A       17%         2
c - Spider Form           Tmut/Pois      3%         N/A       34%         3
d - Ice Form              Ice/Tmut       6%         N/A       75%         4
e - Hydra Form            Tmut           3%         N/A       97%         5
Your spell library was empty.

Dungeon Overview and Level Annotations

Branches:
Dungeon (1/15)

Altars:


Innate Abilities, Weirdness & Mutations

You are immune to poison.
Your flesh is very heat resistant. (rF++)
You are vulnerable to cold. (rC-)
You float through the air rather than walking.
You learn spells naturally, not from books.
Your magical power is your life essence.
You have superior vitality. (+4 HP)


Message History

A giant cockroach comes into view.
The frilled lizard hisses angrily.
A dart slug comes into view.
Found 6 gold pieces.
Found a stone staircase leading down.
You see here a +0 trident.
You barely miss the frilled lizard. You miss the frilled lizard.
Your horns disappear.
The frilled lizard closely misses you.
You closely miss the frilled lizard. The frilled lizard closely misses you.
The giant cockroach closely misses you.
You hit the frilled lizard.
The frilled lizard is heavily wounded.
The frilled lizard misses you. The giant cockroach bites you.
You closely miss the frilled lizard.
The frilled lizard is heavily wounded.
The giant cockroach closely misses you. The frilled lizard bites you.
You hit the frilled lizard.
You kill the frilled lizard!
The giant cockroach bites you but does no damage.
You closely miss the giant cockroach.
The giant cockroach completely misses you.
You hit the giant cockroach.
The giant cockroach is almost dead.
The giant cockroach barely misses you. x2
You hit the giant cockroach but do no damage.
The giant cockroach is almost dead.
The giant cockroach bites you but does no damage.
The dart slug launches a dart at you. The slug dart hits you.
* * * LOW HITPOINT WARNING * * *
You are too injured to fight recklessly!
You closely miss the giant cockroach.
The giant cockroach is almost dead.
The giant cockroach bites you but does no damage.
You hit the giant cockroach.
You kill the giant cockroach!
The dart slug launches a dart at you. The slug dart hits you!
You die...

..##>..$.. ........#
#. ........# #.
........ #. #.....#
####.##w....# #
#.....#.....# #
#......@....# #
#........#### ####
####.)...#### # ###
#... #...^......#.
..##.##
##....####.#.##.#..##
#.....# #.#..#.#..##
#...### #........###
#...# ###........#
#...# #.#........##


You could see a dart slug.

Vanquished Creatures
  A ball python (D:1)
  A giant cockroach (D:1)
  A frilled lizard (D:1)
  A goblin (D:1)
4 creatures vanquished.

Notes
Turn   | Place    | Note
-------+----------+-------------------------------------------
     0 | D:1      | Anon1729 the Djinni Transmuter began the quest for the Orb.
     0 | D:1      | Reached XP level 1. HP: 17/17 MP: 0/0
   339 | D:1      | Killed from afar by a dart slug

Illustrated notes

Levels and vault maps discovered:
D:1:      dpeg_arrival_arbitrary_b, layout_basic, hangedman_decor_riveting

Action                   || total
-------------------------++-------
Melee: Unarmed           ||    22
       Headbutt          ||     2
 Cast: Beastly Appendage ||     2
Armor: Robe              ||     5
Dodge: Dodged            ||    11

Table legend: (Time is in decaauts)
 A = Elapsed time spent in this place.
 B = Non-inter-level travel time spent in this place.
 C = Inter-level travel time spent in this place.
 D = Time resting spent in this place.
 E = Time spent auto-exploring this place.
 F = Levels seen in this place.
 G = Mean time per level.
                   A        B        C        D        E       F      G
               +--------+--------+--------+--------+--------+-----+--------+
         Total |    337 |    337 |      0 |    226 |     79 |   1 |  337.0 |
       Dungeon |    337 |    337 |      0 |    226 |     79 |   1 |  337.0 |
               +--------+--------+--------+--------+--------+-----+--------+

Top non-repeatable levels by time:
     D:1: 337 daAuts
